TOP OF THE 1ST |
---|
Kingston Iguanas batting - Pitching for Buffalo LightSabres : RHP Stan Payne | Pitching: RHP Stan Payne | | Batting: SHB John Beach | 0-0: Ball 1-0: Called Strike 1-1: SINGLE (Line Drive, 8RS) | Batting: RHB Tim Davis | 0-0: Fielders Choice at 2nd, 4-6 (Groundball, 4) | Batting: LHB Gustavo Gómez | 0-0: Ball Tim Davis steals 2nd base 1-0: Foul Ball, location: 2F 1-1: Ground out 3-1 (Groundball, 34) Tim Davis to third | Batting: LHB Henry Durham | 0-0: Called Strike 0-1: DOUBLE (Groundball, 3L) Tim Davis scores | Batting: RHB Francisco Martínez | 0-0: Ball 1-0: Ball 2-0: Swinging Strike 2-1: Called Strike 2-2: Fly out, F4 (Popup, 34S) | Top of the 1st over - 1 run, 2 hits, 0 errors, 1 left on base; Kingston 1 - Buffalo 0 | BOTTOM OF THE 1ST |
---|
Buffalo LightSabres batting - Pitching for Kingston Iguanas : RHP Bob Holland | Pitching: RHP Bob Holland | | Batting: RHB Earl Godwin | 0-0: Ball 1-0: Called Strike 1-1: Ground out 6-3 (Groundball, 6) | Batting: LHB Emílio Montoya | 0-0: Ball 1-0: Called Strike 1-1: Foul Ball, location: 2F 1-2: Strikes out swinging | Batting: RHB Júlio López | 0-0: Fly out, F7 (Flyball, 7) | Bottom of the 1st over - 0 runs, 0 hits, 0 errors, 0 left on base; Kingston 1 - Buffalo 0 | TOP OF THE 2ND |
---|
Kingston Iguanas batting - Pitching for Buffalo LightSabres : RHP Stan Payne | Batting: RHB Andrés Bustamante | 0-0: Called Strike 0-1: Foul Ball, location: 2F 0-2: Foul Ball, location: 2F 0-2: Ball 1-2: DOUBLE (Line Drive, 7LM) | Batting: RHB Sergio Mata | 0-0: Ball 1-0: Foul Ball, location: 2F 1-1: Ball 2-1: Ball 3-1: Swinging Strike 3-2: Base on Balls | Batting: RHB Manuel Gómez | 0-0: Ball 1-0: Foul Ball, location: 2F 1-1: Foul Ball, location: 2F 1-2: Fielders Choice at 2nd, 5-4 (Groundball, 5) Andrés Bustamante to third | Batting: SHB Júlio Valentín | 0-0: Ball Pickoff Throw by Catcher to First - Error! E2 Andrés Bustamante scores Manuel Gómez to second 1-0: Ground out U3 (Groundball, 34S) Manuel Gómez to third | Batting: SHB John Beach | 0-0: Ball 1-0: Foul Ball, location: 2F 1-1: Called Strike 1-2: Strikes out swinging | Top of the 2nd over - 1 run, 1 hit, 1 error, 1 left on base; Kingston 2 - Buffalo 0 | BOTTOM OF THE 2ND |
---|
Buffalo LightSabres batting - Pitching for Kingston Iguanas : RHP Bob Holland | Batting: RHB Augusto Padilla | 0-0: SINGLE (Line Drive, 8LS) | Batting: LHB Tim Griffith | 0-0: Called Strike Augusto Padilla is caught stealing 2nd base 0-1: Ball 1-1: SINGLE (Groundball, 5) (infield hit) | Batting: RHB Alfredo Villegas | 0-0: Called Strike 0-1: Called Strike 0-2: Ball 1-2: Strikes out swinging | Batting: RHB Abraham Hardy | 0-0: Called Strike 0-1: Swinging Strike 0-2: Foul Ball, location: 2F 0-2: Ball 1-2: Ball 2-2: Strikes out swinging | Bottom of the 2nd over - 0 runs, 2 hits, 0 errors, 1 left on base; Kingston 2 - Buffalo 0 | TOP OF THE 3RD |
---|
Kingston Iguanas batting - Pitching for Buffalo LightSabres : RHP Stan Payne | Batting: RHB Tim Davis | 0-0: Called Strike 0-1: Foul Ball, location: 2F 0-2: Strikes out swinging | Batting: LHB Gustavo Gómez | 0-0: Called Strike 0-1: Ball 1-1: SINGLE (Flyball, 7LS) | Batting: LHB Henry Durham | 0-0: Ball 1-0: Swinging Strike 1-1: Fly out, F7 (Flyball, 7S) | Batting: RHB Francisco Martínez | 0-0: Foul Ball, location: 2F 0-1: Ball 1-1: Ball 2-1: 2-RUN HOME RUN (Line Drive, 7D), Distance : 381 ft | Batting: RHB Andrés Bustamante | 0-0: Ball 1-0: Foul Ball, location: 2F 1-1: Ground out 6-3 (Groundball, 6) | Top of the 3rd over - 2 runs, 2 hits, 0 errors, 0 left on base; Kingston 4 - Buffalo 0 | BOTTOM OF THE 3RD |
---|
Buffalo LightSabres batting - Pitching for Kingston Iguanas : RHP Bob Holland | Batting: RHB Sean King | 0-0: Ball 1-0: Foul Ball, location: 2F 1-1: Ball 2-1: SINGLE (Flyball, 8LS) | Batting: RHB Daniel Riddle | 0-0: Ball 1-0: Foul Ball, location: 2F 1-1: Ball 2-1: Grounds into double play, 6-4-3 (Groundball, 6) | Batting: RHB Earl Godwin | 0-0: Called Strike 0-1: Swinging Strike 0-2: SINGLE (Groundball, 34S) (infield hit) | Batting: LHB Emílio Montoya | 0-0: Ball 1-0: Called Strike Earl Godwin steals 2nd base 1-1: Fly out, F7 (Flyball, 7LSF) | Bottom of the 3rd over - 0 runs, 2 hits, 0 errors, 1 left on base; Kingston 4 - Buffalo 0 | TOP OF THE 4TH |
---|
Kingston Iguanas batting - Pitching for Buffalo LightSabres : RHP Stan Payne | Batting: RHB Sergio Mata | 0-0: Called Strike 0-1: Foul Ball, location: 2F 0-2: Ball 1-2: Ball 2-2: Strikes out swinging | Batting: RHB Manuel Gómez | 0-0: Ball 1-0: Ball 2-0: Ball 3-0: Called Strike 3-1: Called Strike 3-2: Base on Balls | Batting: SHB Júlio Valentín | 0-0: Called Strike 0-1: Foul Ball, location: 2F 0-2: SINGLE (Groundball, 4S) (infield hit) Manuel Gómez to second | Batting: SHB John Beach | 0-0: Ball 1-0: Called Strike 1-1: Foul Ball, location: 2F 1-2: 3-RUN HOME RUN (Flyball, 89XD), Distance : 415 ft | Batting: RHB Tim Davis | 0-0: Called Strike 0-1: Fly out, F8 (Flyball, 8RM) | Batting: LHB Gustavo Gómez | 0-0: SINGLE (Line Drive, 6) | Batting: LHB Henry Durham | 0-0: Foul Ball, location: 2F 0-1: Ball 1-1: Ball 2-1: Foul Ball, location: 2F 2-2: Ball 3-2: Foul Ball, location: 2F 3-2: Base on Balls Gustavo Gómez to second | Batting: RHB Francisco Martínez | 0-0: Ball 1-0: Called Strike 1-1: SINGLE (Groundball, 56D) Gustavo Gómez to third Henry Durham to second Runner from 3rd tries for Home, SAFE, no throw | Batting: RHB Andrés Bustamante | 0-0: Ball 1-0: Called Strike 1-1: Foul Ball, location: 2F 1-2: Ball 2-2: Foul Ball, location: 2F 2-2: SINGLE (Groundball, 4MD) Henry Durham to third Francisco Martínez to second Runner from 3rd tries for Home, SAFE, throw made home | Batting: RHB Sergio Mata | 0-0: Called Strike 0-1: Foul Ball, location: 2F 0-2: Ground out 5-3 (Groundball, 56S) | Top of the 4th over - 5 runs, 5 hits, 0 errors, 2 left on base; Kingston 9 - Buffalo 0 | BOTTOM OF THE 4TH |
---|
Buffalo LightSabres batting - Pitching for Kingston Iguanas : RHP Bob Holland | Batting: RHB Júlio López | 0-0: Called Strike 0-1: Ball 1-1: SINGLE (Groundball, 34D) | Batting: RHB Augusto Padilla | 0-0: Fly out, F9 (Flyball, 9S) | Batting: LHB Tim Griffith | 0-0: SINGLE (Line Drive, 7S) Júlio López to second | Batting: RHB Alfredo Villegas | 0-0: Grounds into double play, 1-4-3 (Groundball, 15) | Bottom of the 4th over - 0 runs, 2 hits, 0 errors, 1 left on base; Kingston 9 - Buffalo 0 | TOP OF THE 5TH |
---|
Kingston Iguanas batting - Pitching for Buffalo LightSabres : RHP Stan Payne | Batting: RHB Manuel Gómez | 0-0: Ball 1-0: Called Strike 1-1: Swinging Strike 1-2: Ball 2-2: Ball 3-2: Foul Ball, location: 2F 3-2: Ground out 6-3 (Groundball, 6) | Batting: SHB Júlio Valentín | 0-0: Ball 1-0: Foul Ball, location: 2F 1-1: Called Strike 1-2: Strikes out swinging | Batting: SHB John Beach | 0-0: Swinging Strike 0-1: Called Strike 0-2: Strikes out swinging | Top of the 5th over - 0 runs, 0 hits, 0 errors, 0 left on base; Kingston 9 - Buffalo 0 | BOTTOM OF THE 5TH |
---|
Buffalo LightSabres batting - Pitching for Kingston Iguanas : RHP Bob Holland | Batting: RHB Abraham Hardy | 0-0: Ball 1-0: Ball 2-0: Ball 3-0: Base on Balls | Batting: RHB Sean King | 0-0: Called Strike 0-1: Swinging Strike 0-2: Foul Ball, location: 2F 0-2: Ball 1-2: Ball 2-2: Ball 3-2: Base on Balls Abraham Hardy to second | Batting: RHB Daniel Riddle | 0-0: Ball 1-0: Ball 2-0: Ball 3-0: Called Strike 3-1: Foul Ball, location: 2F 3-2: Base on Balls Abraham Hardy to third Sean King to second | Batting: RHB Earl Godwin | 0-0: Called Strike 0-1: Ball 1-1: Ball 2-1: Foul Ball, location: 2F 2-2: Fielders Choice at 2nd, 3-6 (Groundball, 34) Abraham Hardy scores Sean King to third | Batting: LHB Emílio Montoya | 0-0: Called Strike Earl Godwin steals 2nd base 0-1: Ball 1-1: Ball 2-1: Ground out 5-3 (Groundball, 5L) | Batting: RHB Júlio López | 0-0: Ball 1-0: Called Strike 1-1: Ground out 6-3 (Groundball, 6) | Bottom of the 5th over - 1 run, 0 hits, 0 errors, 2 left on base; Kingston 9 - Buffalo 1 | TOP OF THE 6TH |
---|
Kingston Iguanas batting - Pitching for Buffalo LightSabres : RHP Stan Payne | Batting: RHB Tim Davis | 0-0: Ball 1-0: Called Strike 1-1: Ball 2-1: Foul Ball, location: 2F 2-2: Fly out, F5 (Line Drive, 56) | Batting: LHB Gustavo Gómez | 0-0: Ball 1-0: Foul Ball, location: 2F 1-1: Ball 2-1: Ball 3-1: Fly out, F4 (Popup, 23) | Batting: LHB Henry Durham | 0-0: Ball 1-0: Ball 2-0: Called Strike 2-1: Ball 3-1: Foul Ball, location: 2F 3-2: Foul Ball, location: 2F 3-2: Base on Balls | Pitching: RHP Ben Graham | | Batting: RHB Francisco Martínez | 0-0: Swinging Strike 0-1: Called Strike 0-2: Ball 1-2: Fly out, F9 (Flyball, 89D) | Top of the 6th over - 0 runs, 0 hits, 0 errors, 1 left on base; Kingston 9 - Buffalo 1 | BOTTOM OF THE 6TH |
---|
Buffalo LightSabres batting - Pitching for Kingston Iguanas : RHP Bob Holland | Batting: RHB Augusto Padilla | 0-0: Fly out, F7 (Line Drive, 7D) | Batting: LHB Tim Griffith | 0-0: Foul Ball, location: 2F 0-1: Ball 1-1: Ball 2-1: Fly out, F8 (Flyball, 8LD) | Batting: RHB Alfredo Villegas | 0-0: Ground out 1-3 (Groundball, 13) | Bottom of the 6th over - 0 runs, 0 hits, 0 errors, 0 left on base; Kingston 9 - Buffalo 1 | TOP OF THE 7TH |
---|
Kingston Iguanas batting - Pitching for Buffalo LightSabres : RHP Ben Graham | Batting: RHB Andrés Bustamante | 0-0: Foul Ball, location: 2F 0-1: Ball 1-1: Foul Ball, location: 2F 1-2: Ball 2-2: Strikes out looking | Batting: RHB Sergio Mata | 0-0: Called Strike 0-1: Foul Ball, location: 2F 0-2: Ground out 6-3 (Groundball, 6) | Batting: RHB Manuel Gómez | 0-0: Foul Ball, location: 2F 0-1: Ball 1-1: Ball 2-1: Foul Ball, location: 2F 2-2: SINGLE (Groundball, 6MD) | Batting: SHB Júlio Valentín | 0-0: Called Strike 0-1: Foul Ball, location: 2F 0-2: Foul Ball, location: 2F 0-2: Ground out 4-3 (Groundball, 4) | Top of the 7th over - 0 runs, 1 hit, 0 errors, 1 left on base; Kingston 9 - Buffalo 1 | BOTTOM OF THE 7TH |
---|
Buffalo LightSabres batting - Pitching for Kingston Iguanas : RHP Bob Holland | Batting: RHB Abraham Hardy | 0-0: Swinging Strike 0-1: Swinging Strike 0-2: Strikes out swinging | Batting: RHB Sean King | 0-0: Ball 1-0: Foul Ball, location: 2F 1-1: Fly out, F8 (Line Drive, 8LD) | Batting: RHB Daniel Riddle | 0-0: Foul Ball, location: 2F 0-1: Ball 1-1: Swinging Strike 1-2: Strikes out looking | Bottom of the 7th over - 0 runs, 0 hits, 0 errors, 0 left on base; Kingston 9 - Buffalo 1 | TOP OF THE 8TH |
---|
Kingston Iguanas batting - Pitching for Buffalo LightSabres : RHP Ben Graham | Batting: SHB John Beach | 0-0: Called Strike 0-1: Ball 1-1: Fly out, F8 (Flyball, 8LM) | Batting: RHB Tim Davis | 0-0: Ball 1-0: Ball 2-0: Called Strike 2-1: Fly out, F9 (Flyball, 89S) | Batting: LHB Gustavo Gómez | 0-0: Called Strike 0-1: Ball 1-1: Swinging Strike 1-2: Ball 2-2: Foul Ball, location: 2F 2-2: Strikes out looking | Top of the 8th over - 0 runs, 0 hits, 0 errors, 0 left on base; Kingston 9 - Buffalo 1 | BOTTOM OF THE 8TH |
---|
Buffalo LightSabres batting - Pitching for Kingston Iguanas : RHP Bob Holland | Batting: RHB Earl Godwin | 0-0: Ball 1-0: Fly out, F6 (Popup, 4MS) | Batting: LHB Emílio Montoya | 0-0: Ball 1-0: Ball 2-0: Called Strike 2-1: Ball 3-1: SINGLE (Groundball, 6D) | Batting: RHB Júlio López | 0-0: Ball 1-0: Foul Ball, location: 2F 1-1: Foul Ball, location: 2F 1-2: Strikes out swinging | Pinch Hitting: LHB Rob Davidson | 0-0: SINGLE (Groundball, 6D) Emílio Montoya to second Runner from 2nd tries for 3rd, SAFE, no throw | Batting: LHB Tim Griffith | 0-0: SINGLE (Groundball, 3) (infield hit) Emílio Montoya scores Rob Davidson to second | Pitching: LHP Javier Robles | | Batting: RHB Alfredo Villegas | 0-0: Fielders Choice at 2nd, 5-4 (Groundball, 56) | Bottom of the 8th over - 1 run, 3 hits, 0 errors, 2 left on base; Kingston 9 - Buffalo 2 | TOP OF THE 9TH |
---|
Kingston Iguanas batting - Pitching for Buffalo LightSabres : RHP Ben Graham | Now in RF: Rob Davidson | | Batting: LHB Henry Durham | 0-0: Ball 1-0: Called Strike 1-1: Swinging Strike 1-2: Strikes out looking | Batting: RHB Francisco Martínez | 0-0: Foul Ball, location: 2F 0-1: SINGLE (Groundball, 6MD) | Batting: RHB Andrés Bustamante | 0-0: Foul Ball, location: 2F 0-1: Ball 1-1: Ball 2-1: Ball 3-1: Swinging Strike 3-2: Strikes out looking | Batting: RHB Sergio Mata | 0-0: Ball 1-0: Foul Ball, location: 2F 1-1: Foul Ball, location: 2F 1-2: Ball 2-2: Ball Wild Pitch! Francisco Martínez to second 3-2: Strikes out swinging | Top of the 9th over - 0 runs, 1 hit, 0 errors, 1 left on base; Kingston 9 - Buffalo 2 | BOTTOM OF THE 9TH |
---|
Buffalo LightSabres batting - Pitching for Kingston Iguanas : LHP Javier Robles | Batting: RHB Abraham Hardy | 0-0: Reached on error, E4 (Groundball, 4) | Batting: RHB Sean King | 0-0: Ball 1-0: Called Strike 1-1: Swinging Strike 1-2: Ball 2-2: Foul Ball, location: 2F 2-2: Ball 3-2: Base on Balls Abraham Hardy to second | Batting: RHB Daniel Riddle | 0-0: Ball 1-0: Called Strike 1-1: Ball 2-1: Swinging Strike 2-2: Ball 3-2: Foul Ball, location: 2F 3-2: Base on Balls Abraham Hardy to third Sean King to second | Batting: RHB Earl Godwin | 0-0: Ball 1-0: Fly out, F9 (Flyball, 9) Runner from 3rd tags up, SCORES, no throw | Batting: LHB Emílio Montoya | 0-0: Ball 1-0: Ball 2-0: Fly out, F8 (Flyball, 8LD) | Batting: RHB Júlio López | 0-0: Fielders Choice at 2nd, 6-4 (Groundball, 6) | Bottom of the 9th over - 1 run, 0 hits, 1 error, 2 left on base; Kingston 9 - Buffalo 3 | |